 Dungeon Crawl Stone Soup version 0.21.2 (webtiles) character file.

88 Zeepje01 the Cudgeler (level 4, 0/41 HPs)
             Began as a Hill Orc Berserker on Nov 17, 2018.
             Was a Follower of Trog.
             Succumbed to an adder's poison
             ... on level 2 of the Dungeon.
             The game lasted 00:14:26 (2120 turns).

Zeepje01 the Cudgeler (Hill Orc Berserker)          Turns: 2120, Time: 00:14:26

Health: 0/41       AC:  5    Str: 20    XL:     4   Next: 53%
Magic:  4/4        EV: 11    Int:  7    God:    Trog [*.....]
Gold:   49         SH:  0    Dex: 10    Spells: 3/3 levels left

rFire    . . .     SeeInvis .   a - +0 mace
rCold    . . .     Gourm    .   (no shield)
rNeg     . . .     Faith    .   t - +0 ring mail
rPois    .         Spirit   .   (no helmet)
rElec    .         Reflect  .   (no cloak)
rCorr    .         Harm     .   (no gloves)
MR       .....                  (no boots)
Stlth    +.........             (no amulet)
HPRegen  0.13/turn              (no ring)
MPRegen  0.09/turn              (no ring)

@: lethally poisoned (0 -> -8)
A: no striking features
a: Berserk, Burn Spellbooks, Renounce Religion


You were on level 2 of the Dungeon.
You worshipped Trog.
Trog was aware of your devotion.
You were not hungry.

You visited 1 branch of the dungeon, and saw 2 of its levels.

You collected 49 gold pieces.

Inventory:

Hand Weapons
 a - a +0 mace (weapon)
 d - a +0 club
 u - a +0 mace
Missiles
 j - 68 stones (quivered)
 l - 18 bolts
Armour
 b - a +0 animal skin
 e - a +0 robe
 t - a +0 ring mail (worn)
Jewellery
 c - an uncursed ring of protection from magic {unknown}
 i - a +4 ring of strength {unknown}
 r - an uncursed ring of protection from cold {unknown}
Scrolls
 g - 3 scrolls of remove curse {unknown}
 h - 4 scrolls of identify {unknown}
 m - 2 scrolls of magic mapping {unknown}
 v - a scroll of enchant weapon {unknown}
Potions
 f - a potion of lignification {unknown}
 k - a potion of brilliance {unknown}
 n - a potion of degeneration {unknown}
 o - a potion of curing {unknown}
 p - 2 potions of heal wounds {unknown}
Comestibles
 q - a chunk of flesh
 s - a ration


   Skills:
 + Level 4.3 Fighting
 + Level 4.5 Maces & Flails
 + Level 2.5 Armour
 + Level 2.2 Dodging
 + Level 0.2 Stealth


You had 3 spell levels left.
You didn't know any spells.

Dungeon Overview and Level Annotations

Branches:
Dungeon (2/15)

Altars:
Ru
Uskayaw
Xom


Message History

You feel sick. The adder bites you but does no damage.
The adder barely misses you.
You closely miss the adder.
The adder is heavily wounded.
* * * LOW HITPOINT WARNING * * *
You feel sick. The adder bites you.
* * * LOW HITPOINT WARNING * * *
You hit the adder.
The adder is almost dead.
* * * LOW HITPOINT WARNING * * *
You feel sick. The adder barely misses you.
The adder bites you but does no damage.
* * * LOW HITPOINT WARNING * * *
You feel sick.
* * * LOW HITPOINT WARNING * * *
You feel sick.
You hit the adder.
You kill the adder!
Trog accepts your kill.
You die...

#..... #..... #.....
##### #..... #...#
#..... #...# #.....
#.!.# #..... #...#
#..... #..@# ####.#.
#...## ###....#.
#....# #...##...
##.#.## #.####.##
#..#..## ###......##
#.###..###....######
#. ##...#....#####.
#. ###...##.......
.. #.#.##....###


There were no monsters in sight!

Vanquished Creatures
  A hound zombie (D:2)
  A gnoll (D:1)
  3 adders (D:2)
  An ooze (D:1)
  A dart slug (D:1)
  2 giant cockroaches (D:2)
  5 goblins
  4 hobgoblins
  3 kobolds
  A quokka (D:2)
  2 bats
  2 frilled lizards
  6 rats
32 creatures vanquished.

Notes
Turn   | Place    | Note
-------+----------+-------------------------------------------
     0 | D:1      | Zeepje01 the Hill Orc Berserker began the quest for the Orb.
     0 | D:1      | Reached XP level 1. HP: 19/19 MP: 1/1
   116 | D:1      | Reached XP level 2. HP: 27/27 MP: 2/2
   682 | D:1      | Reached XP level 3. HP: 27/33 MP: 3/3
  1302 | D:2      | Found a sacrificial altar of Ru.
  1304 | D:2      | Found a shimmering altar of Xom.
  1759 | D:2      | Reached XP level 4. HP: 21/40 MP: 4/4
  1985 | D:2      | Found a hide-covered altar of Uskayaw.
  2117 | D:2      | HP: 2/40 [poisoned by an adder]
  2120 | D:2      | Succumbed to an adder's poison

Skill      XL: |  1  2  3 |
---------------+----------+-----
Fighting       | 4 |  4.3
Dodging        | 2 |  2.2
Maces & Flails | 4 |  4.5
Armour         | |  2.5
Stealth        | |  0.2

Action                   |  1- 3 |  4- 6 || total
-------------------------+-------+-------++-------
Melee: Mace              |   114 |    24 ||   138
Invok: Berserk           |     1 |       ||     1
  Eat: Ration            |     2 |       ||     2
Armor: Animal skin       |    12 |       ||    12
       Ring mail         |       |    11 ||    11
Dodge: Dodged            |    77 |    25 ||   102
